 Dungeon Crawl Stone Soup version 0.31-a0-220-gc2f4f3cf83 (webtiles) character file.

Game seed: 17394746702968636080

78 qw the Shooter (level 4, -4/36 HPs)
             Began as a Minotaur Hexslinger on July 3, 2023.
             Killed from afar by Natasha (5 damage)
             ... with a magic dart
             ... on level 2 of the Dungeon.
             The game lasted 00:00:36 (1431 turns).

qw the Shooter (Minotaur Hexslinger)                Turns: 1431, Time: 00:00:36

Health: -4/36      AC:  5    Str: 12    XL:     4   Next: 15%
Magic:  4/4        EV: 11    Int: 10    God:
Gold:   96         SH:  0    Dex: 15    Spells: 4/5 levels left

rFire   . . .        Y - +1 sling
rCold   . . .        (no shield)
rNeg    . . .        i - +0 ring mail
rPois   .            (helmet restricted)
rElec   .            (no cloak)
rCorr   .            (no gloves)
SInv    .            (no boots)
Will    .....        (no amulet)
Stlth   +            (no ring)
HPRegen 0.26/turn    (no ring)
MPRegen 0.09/turn

%: no passive effects
@: slowed, very slow
A: horns 2, retaliatory headbutt
a: no special abilities


You were on level 2 of the Dungeon.
You visited 1 branch of the dungeon, and saw 2 of its levels.

You collected 96 gold pieces.


Innate Abilities, Weirdness & Mutations

You have a pair of horns on your head.
You reflexively headbutt those who attack you in melee.


   Skills:
 - Level 2.0 Fighting
 + Level 4.5 Ranged Weapons
 - Level 1.0 Armour
 - Level 2.1 Dodging
 - Level 1.0 Spellcasting
 - Level 2.0 Hexes


You had 4 spell levels left.
You knew the following spells:

 Your Spells              Type           Power      Damage    Failure   Level
a - Slow                  Hex            16%        N/A       34%         1

Your spell library contained the following spells:

 Spells                   Type           Power      Damage    Failure   Level
 Inner Flame              Hex/Fire       2%         N/A       83%         3
 Portal Projectile        Hex/Tloc       4%         N/A       83%         3
 Cause Fear               Hex            2%         N/A       98%         4

Inventory:

Hand Weapons
 Y - a +1 sling (weapon)
Armour
 c - a +1 pair of boots
 d - the +1 robe "Egediul" {Str+3 Int+7}
   (You found it on level 2 of the Dungeon)

   Str:       It affects your strength (+3).
   Int:       It affects your intelligence (+7).
 i - a +0 ring mail (worn)
Jewellery
 b - an amulet of faith
Scrolls
 a - a scroll of immolation {unknown}
 f - a scroll of identify
Potions
 e - a potion of degeneration {unknown}
 k - a potion of heal wounds {unknown}

Dungeon Overview and Level Annotations

Branches:
Dungeon (2/15)

Altars:

Annotations:
D:2 Natasha


Message History

Natasha is moderately wounded.
The adder bites you. The adder barely misses you. Natasha misses you.
You shoot a sling bullet. The sling bullet hits Natasha.
Natasha is heavily wounded.
The adder bites you. Natasha claws you. The adder closely misses you.
You shoot a sling bullet.
The sling bullet hits Natasha but does no damage.
Natasha is heavily wounded.
The adder closely misses you.
Natasha stares at you and mumbles some strange words.
You feel yourself slow down. The adder closely misses you.
You shoot a sling bullet.
The sling bullet hits Natasha but does no damage.
Natasha is heavily wounded.
Natasha barely misses you. The adder bites you but does no damage.
Natasha claws you but does no damage. The adder bites you but does no damage.
You shoot a sling bullet. The sling bullet hits Natasha.
Natasha is severely wounded.
The adder barely misses you. Natasha claws you but does no damage.
The adder bites you but does no damage. Natasha casts a spell at you.
You feel as though you will be slow longer.
The adder barely misses you. You furiously retaliate!
You headbutt the adder. You shoot a sling bullet.
The sling bullet barely misses Natasha.
Natasha claws you. The adder misses you.
Natasha stares at you and mumbles some strange words.
The magic dart hits you. The adder bites you but does no damage.
You shoot a sling bullet. The sling bullet hits Natasha.
Natasha is almost dead.
The adder bites you but does no damage. Natasha claws you.
The adder bites you but does no damage. Natasha completely misses you.
You shoot a sling bullet.
The sling bullet hits Natasha but does no damage.
Natasha is severely wounded.
The adder closely misses you. You furiously retaliate!
You headbutt the adder. Natasha casts a spell at you.
You resist with some effort. The adder bites you. Natasha casts a spell at you.
The magic dart hits you.
You die...

...... ..#### #.#
..# ... .## # #.#
# .# #. #.# .# .#
#.##%##.# ##
#.......# #
#..Sh...# # #@#
### #.# ..#### #.#
.....# #.#
#.##.####### #.#
#.........%#####.#
####.#####.......#
.....# #########
######


You could see Natasha and an adder.

Vanquished Creatures
  3 adders (D:2)
  3 dart slugs
  5 ball pythons
  2 bats
  4 endoplasms (D:1)
  4 giant cockroaches (D:1)
  3 goblins
  A hobgoblin (D:1)
  5 jackals
  A quokka (D:1)
  7 kobolds
  3 rats (D:1)
41 creatures vanquished.

Notes
Turn   | Place    | Note
-------+----------+-------------------------------------------
     0 | D:1      | qw the Minotaur Hexslinger began the quest for the Orb.
     0 | D:1      | Reached XP level 1. HP: 16/16 MP: 1/1
     0 | D:1      | 0 ||| qw: Version: 0.3-a-40-ge99b1a8
     0 | D:1      | 0 ||| qw: Game counter: 470
     0 | D:1      | 0 ||| qw: Melee chars always use a shield: true
     0 | D:1      | 0 ||| qw: God list: Okawaru
     0 | D:1      | 0 ||| qw: Allow faded altars: false
     0 | D:1      | 0 ||| qw: Do Orc after clearing Dungeon:15 true
     0 | D:1      | 0 ||| qw: Do second Lair branch before Depths: true
     0 | D:1      | 0 ||| qw: Lair rune preference: random
     0 | D:1      | 0 ||| qw: Goals: Normal
     0 | D:1      | 0 ||| PLANNING D:1-11
    77 | D:1      | Reached skill level 3 in Ranged Weapons
    77 | D:1      | Reached XP level 2. HP: 23/23 MP: 2/2
   662 | D:1      | Reached XP level 3. HP: 26/29 MP: 3/3
   914 | D:1      | 914 ||| UPGRADING to +0 ring mail.
   924 | D:1      | 924 ||| DROPPING +0 robe.
   925 | D:1      | 925 ||| READING scroll labelled XANTON POSEAPP.
   926 | D:1      | 926 ||| READING 2 scrolls labelled BIUTUH BUYSTU.
   927 | D:1      | 927 ||| READING scroll labelled ERGHEM BYLEJU.
   931 | D:1      | 931 ||| READING scroll labelled IMISOI ACANTAQ.
   932 | D:1      | 932 ||| READING 2 scrolls labelled VUMYHUY BEEJA.
   933 | D:1      | 933 ||| READING scroll labelled SOIKOO OCONN.
   934 | D:1      | 934 ||| DROPPING scroll of poison.
   935 | D:1      | 935 ||| DROPPING scroll of noise.
   989 | D:2      | Reached skill level 4 in Ranged Weapons
  1162 | D:2      | 1162 ||| Stepping ~*~*~tactically~*~*~ (water).
  1164 | D:2      | 1164 ||| Stepping ~*~*~tactically~*~*~ (water).
  1166 | D:2      | 1166 ||| Stepping ~*~*~tactically~*~*~ (water).
  1191 | D:2      | Identified the +1 robe "Egediul" {Str+3 Int+7}
  1208 | D:2      | Reached skill level 1 in Armour
  1400 | D:2      | Reached XP level 4. HP: 36/36 MP: 4/4
  1413 | D:2      | Noticed Natasha
  1425 | D:2      | HP: 9/36 [Natasha (4)]
  1429 | D:2      | HP: 3/36 [Natasha/magic dart (5)]
  1430 | D:2      | HP: 1/36 [Natasha (2)]
  1431 | D:2      | Killed from afar by Natasha

Levels and vault maps discovered:
D:1:      spicycebolla_arrival_clurvy, layout_basic, minmay_worlds_worst_comb
D:2:      layout_loops_cross, minmay_liquid_box, uniq_natasha

Skill      XL: |  1  2  3 |
---------------+----------+-----
Ranged Weapons | 3 4 |  4.5
Fighting       | 2 |  2.0
Armour         | 1 |  1.0
Dodging        | |  2.1
Spellcasting   | |  1.0
Hexes          | |  2.0

Action                     |  1- 3 |  4- 6 || total
---------------------------+-------+-------++-------
   Fire: Sling             |   114 |    18 ||   132
    Use: Scroll            |     6 |       ||     6
 Armour: Robe              |     6 |       ||     6
         Ring mail         |    16 |    18 ||    34
  Dodge: Dodged            |    41 |    27 ||    68

Table legend:
 A = Non-vault XP
 B = Vault XP
 C = Vault XP percentage of total XP
 D = Non-vault monster count
 E = Vault monster count
 F = Vault count percentage of total count
                 A         B        C        D         E       F
            +---------+---------+-------+---------+---------+-------
      Total |     106 |       6 |   5.4 |      38 |       3 |   7.3
            +---------+---------+-------+---------+---------+-------
        D:1 |      42 |       6 |  12.5 |      22 |       3 |  12.0
        D:2 |      64 |       0 |   0.0 |      16 |       0 |   0.0
            +---------+---------+-------+---------+---------+-------
